 Dungeon Crawl Stone Soup version 0.31-a0-431-g88bdf31460 (webtiles) character file.

Game seed: 10839202527660007839

275 randomguy2701 the Covered (level 6, -3/55 HPs)
             Began as a Minotaur Fighter on July 31, 2023.
             Slain by an orc
             ... wielding a +0 war axe
              (8 damage)
             ... on level 4 of the Dungeon.
             The game lasted 00:03:21 (2863 turns).

randomguy2701 the Covered (Minotaur Fighter)        Turns: 2863, Time: 00:03:22

Health: -3/55      AC:  9    Str: 27    XL:     6   Next: 3%
Magic:  5/5        EV:  9    Int:  5    God:
Gold:   126        SH:  0    Dex: 11    Spells: 5/5 levels left

rFire   . . .        a - +0 war axe
rCold   . . .        c - +0 buckler
rNeg    . . .        m - +0 chain mail
rPois   .            (helmet restricted)
rElec   .            (no cloak)
rCorr   .            (no gloves)
SInv    .            (no boots)
Will    .....        (no amulet) Stlth
                     i - +6 ring of strength
HPRegen 0.29/turn    (no ring)
MPRegen 0.09/turn

%: no passive effects
@: confused
A: horns 2, retaliatory headbutt
a: no special abilities


You were on level 4 of the Dungeon.
You visited 1 branch of the dungeon, and saw 4 of its levels.

You collected 126 gold pieces.

Inventory:

Hand Weapons
 a - a +0 war axe (weapon)
Armour
 c - a +0 buckler (worn)
 m - a +0 chain mail (worn)
Jewellery
 f - an amulet of faith
 i - a +6 ring of strength (left hand)
Scrolls
 b - a scroll of torment {unknown}
 e - 2 scrolls of teleportation {unknown}
 g - a scroll of immolation {unknown}
 j - a scroll of enchant armour {unknown}
 k - a scroll of enchant weapon {unknown}
 l - 3 scrolls of identify {unknown}
Potions
 d - 2 potions of might
 h - 2 potions of heal wounds {unknown}
 n - a potion of curing {unknown}
 o - a potion of magic {unknown}


   Skills:
 + Level 4.9 Fighting
 + Level 4.8 Axes
 + Level 5.4 Armour
 + Level 1.0 Dodging
 + Level 0.4 Stealth
 + Level 4.1 Shields


You had 5 spell levels left.
You didn't know any spells.
Your spell library contained the following spells:

 Spells                   Type           Power      Damage    Failure   Level
 Freeze                   Ice            0%         1d3       95%         1
 Frozen Ramparts          Ice            0%         1d1       100%        3
 Hailstorm                Conj/Ice       0%         3d3       100%        3


Dungeon Overview and Level Annotations

Branches:
Dungeon (4/15)
 Temple: D:4-7

Altars:
Uskayaw
The Shining One

Shops:
D:4 !

Annotations:
D:4 Ijyb


Innate Abilities, Weirdness & Mutations

You have a pair of horns on your head.
You reflexively headbutt those who attack you in melee.


Message History

You are frozen.
The orc barely misses you.
The hobgoblin hits you but does no damage.
The endoplasm hits you but does no damage.
Ijyb zaps a wand.
You resist with some effort. The hobgoblin barely misses you.
The orc barely misses you.
You bump into the rock wall.
The orc hits you with a +0 war axe.
The hobgoblin hits you but does no damage.
The endoplasm hits you but does no damage.
Unknown command.
You bump into the rock wall.
The orc hits you with a +0 war axe.
* * * LOW HITPOINT WARNING * * *
The hobgoblin hits you.
* * * LOW HITPOINT WARNING * * *
The endoplasm barely misses you.
The orc priest casts a cantrip, but nothing happens.
Unknown command.
You're too confused to move!
The orc hits you but does no damage. The hobgoblin hits you.
* * * LOW HITPOINT WARNING * * *
The endoplasm closely misses you.
Unknown command.
You bump into the rock wall.
The endoplasm misses you. The orc closely misses you. The hobgoblin hits you.
* * * LOW HITPOINT WARNING * * *
Unknown command.
You're too confused to move!
The orc closely misses you. The hobgoblin barely misses you.
The endoplasm completely misses you.
Unknown command.
You bump into the rock wall.
The orc closely misses you.
The hobgoblin hits you but does no damage.
The endoplasm freezes you.
You are frozen.
* * * LOW HITPOINT WARNING * * *
Unknown command.
You barely miss the orc.
The orc is moderately wounded.
You closely miss the endoplasm. You barely miss the hobgoblin.
An orc priest comes into view. It is wielding a +0 hand axe.
The orc hits you with a +0 war axe!
You die...

#o# ♣♣♣♣♣
#o# .....
#o#♣.∩.⌠.
###go......
≈≈≈≈≈≈≈≈≈≈
≈≈≈≈≈≈≈≈≈
####.J......
#<.o@#
##)g##
#......)#
#.##.(..#
#.....
#...#..
#...+.##
....###
......


You could see Ijyb, 2 orc priests, 3 orcs, an endoplasm and a hobgoblin.

Vanquished Creatures
  An ogre (D:3)
  A hound (D:4)
  An orc wizard (D:4)
  Robin (D:2)
  5 adders
  2 dart slugs
  3 orcs
  3 endoplasms
  3 giant cockroaches
  13 goblins
  8 hobgoblins
  3 jackals (D:1)
  4 kobolds
  5 quokkas
  5 ball pythons
  10 bats
  4 frilled lizards
  3 rats
75 creatures vanquished.

Vanquished Creatures (others)
  An endoplasm (D:3)
1 creature vanquished.

Grand Total: 76 creatures vanquished

Notes
Turn   | Place    | Note
-------+----------+-------------------------------------------
     0 | D:1      | randomguy2701 the Minotaur Fighter began the quest for the
                  | Orb.
     0 | D:1      | Reached XP level 1. HP: 19/19 MP: 0/0
   148 | D:1      | Reached XP level 2. HP: 26/27 MP: 1/1
   164 | D:1      | Reached skill level 4 in Armour
  1102 | D:2      | Reached XP level 3. HP: 31/33 MP: 2/2
  1200 | D:2      | Noticed Robin
  1236 | D:2      | Killed Robin
  1237 | D:2      | Reached XP level 4. HP: 12/40 MP: 3/3
  1996 | D:3      | Found a glowing golden altar of the Shining One.
  2117 | D:3      | Noticed an ogre
  2135 | D:3      | Killed an ogre
  2136 | D:3      | Reached skill level 5 in Armour
  2136 | D:3      | Reached skill level 1 in Dodging
  2136 | D:3      | Reached XP level 5. HP: 47/47 MP: 4/4
  2266 | D:3      | Found a hide-covered altar of Uskayaw.
  2837 | D:4      | Found Gipoylop's Distillery.
  2837 | D:4      | Noticed Ijyb
  2852 | D:4      | Reached XP level 6. HP: 22/55 MP: 5/5
  2863 | D:4      | Slain by an orc

Illustrated notes

Levels and vault maps discovered:
D:1:      kilobyte_arrival_exit_the_forest, layout_loops_ring,
          serial_co_window_serial, co_window_paths_a, co_window_paths_a,
          co_window_paths_b, co_window_corner_a, co_window_corner_a,
          co_window_paths_a, co_window_of_opportunity_c, co_window_broadway_c,
          co_window_2corner, glass_columns_a, glass_columns_a, glass_columns_a
D:2:      layout_basic, minmay_misc_feat_encased, grunt_ministairs_13,
          uniq_robin
D:3:      layout_basic, old_standard_altar, mainiacjoe_overflow_alcove_4,
          lemuel_flame_loot_1
D:4:      layout_basic, nicolae_wooded_promenade, uniq_sigmund, uniq_ijyb

Skill      XL: |  1  2  3  4 |
---------------+-------------+-----
Armour         | 4 5 |  5.4
Axes           | 3 4 |  4.8
Fighting       | 4 |  4.9
Dodging        | 1 |  1.0
Shields        | 4 |  4.1
Stealth        | |  0.4

Action                     |  1- 3 |  4- 6 || total
---------------------------+-------+-------++-------
  Melee: War axe           |    93 |    74 ||   167
         Headbutt          |    12 |    11 ||    23
 Armour: Scale mail        |    61 |    13 ||    74
         Chain mail        |       |    45 ||    45
  Dodge: Dodged            |    60 |    66 ||   126
  Block: Buckler           |    19 |    13 ||    32

Table legend: (Time is in decaauts)
 A = Elapsed time spent in this place.
 B = Non-inter-level travel time spent in this place.
 C = Inter-level travel time spent in this place.
 D = Time resting spent in this place.
 E = Time spent auto-exploring this place.
 F = Levels seen in this place.
 G = Mean time per level.
                   A        B        C        D        E       F      G
               +--------+--------+--------+--------+--------+-----+--------+
         Total |   2929 |   2818 |    111 |      0 |   2326 |   4 |  732.2 |
       Dungeon |   2929 |   2818 |    111 |      0 |   2326 |   4 |  732.2 |
               +--------+--------+--------+--------+--------+-----+--------+

Top non-repeatable levels by time:
     D:1: 1104 daAuts
     D:3: 943 daAuts
     D:2: 851 daAuts
     D:4: 29 daAuts
